 Dungeon Crawl Stone Soup version 0.22-a0-433-gd2a9cce (webtiles) character file.

73231 nikopol the Eclecticist (level 15, -1/74 HPs)
             Began as a Deep Elf Fire Elementalist on May 27, 2018.
             Was a High Priest of Vehumet.
             Slain by Rupert
             ... wielding a +0 battleaxe of electrocution
              (15 damage)
             ... on level 13 of the Dungeon on May 28, 2018.
             The game lasted 02:49:31 (30701 turns).

nikopol the Eclecticist (DEFE)                     Turns: 30701, Time: 02:49:32

Health: -1/74      AC:  9    Str:  5    XL:     15   Next: 3%
Magic:  4/39       EV: 15    Int: 31    God:    Vehumet [*****.]
Gold:   756        SH:  5    Dex: 15    Spells: 6/51 levels left

rFire    + . .     SeeInvis .   k - staff of fire
rCold    . . .     Gourm    .   G - +0 buckler
rNeg     . . .     Faith    .   L - +2 robe {MR+}
rPois    .         Spirit   .   X - +0 helmet
rElec    .         Reflect  .   v - +1 cloak
rCorr    .         Harm     .   q - +0 pair of gloves
MR       ++...                  p - +0 pair of boots
Stlth    ++++......             D - amulet "Etuablun" {Acrobat Stlth+}
HPRegen  0.22/turn              z - +4 ring of intelligence
MPRegen  0.26/turn              t - ring of wizardry

@: no status effects
A: no striking features
a: Renounce Religion


You were on level 13 of the Dungeon.
You worshipped Vehumet.
Vehumet was extremely pleased with you.
You were not hungry.

You visited 4 branches of the dungeon, and saw 22 of its levels.
You also visited: Ossuary.

You collected 2481 gold pieces.
You spent 1725 gold pieces at shops.

Inventory:

Armour
 p - a +0 pair of boots (worn)
 q - a +0 pair of gloves (worn)
 v - a +1 cloak (worn)
 G - a +0 buckler (worn)
 L - a +2 robe of magic resistance (worn)
 X - a +0 helmet (worn)
Magical Staves
 k - an uncursed staff of fire (weapon)
 N - an uncursed staff of wizardry
Jewellery
 r - an uncursed ring of see invisible
 t - a ring of wizardry (right hand)
 z - a +4 ring of intelligence (left hand)
 D - the amulet "Etuablun" (around neck) {Acrobat Stlth+}
   (You found it on level 7 of the Dungeon)

   [amulet of the acrobat]

   It helps you evade while moving and waiting.
   It makes you more stealthy.
 O - an uncursed ring of ice
 W - a cursed ring of teleportation {unknown}
Wands
 u - a wand of random effects (49)
 y - a wand of iceblast (25)
 C - a wand of polymorph (37)
 J - a wand of clouds (6)
 K - a wand of scattershot (3)
 M - a wand of paralysis (9)
 P - a wand of disintegration (5)
 U - a wand of digging (27)
Scrolls
 a - a scroll of enchant armour
 b - 2 scrolls of fear
 e - 14 scrolls of remove curse
 j - 6 scrolls of teleportation
 w - a scroll of noise {unknown}
 x - 5 scrolls of enchant weapon {unknown}
 B - a scroll of holy word {unknown}
 H - 2 scrolls of magic mapping
 I - 2 scrolls of fog {unknown}
 Q - a scroll of torment {unknown}
 T - 3 scrolls of amnesia
 V - a scroll of summoning {unknown}
 Y - a scroll of brand weapon {unknown}
 Z - 2 scrolls of identify
Potions
 d - 9 potions of curing
 f - 4 potions of mutation
 g - 5 potions of flight
 h - 5 potions of berserk rage
 i - 2 potions of ambrosia
 l - 2 potions of invisibility
 m - 2 potions of resistance {unknown}
 n - 5 potions of heal wounds
 o - 3 potions of cancellation
 s - 7 potions of agility
 A - 2 potions of haste
 E - 2 potions of magic {unknown}
 F - 2 potions of brilliance {unknown}
 R - a potion of lignification {unknown}
 S - 3 potions of might {unknown}
Comestibles
 c - 35 rations


   Skills:
 + Level 1.1 Fighting
 + Level 5.8 Dodging
 + Level 5.6 Stealth
 + Level 4.5 Shields
 + Level 0.1 Unarmed Combat
 + Level 18.9 Spellcasting
 + Level 15.0 Conjurations
 + Level 2.1 Hexes
 + Level 2.8 Charms
 + Level 1.6 Translocations
 + Level 15.3 Fire Magic
 + Level 1.8 Earth Magic


You had 6 spell levels left.
You knew the following spells:

 Your Spells              Type           Power        Failure   Level  Hunger
a - Flame Tongue          Conj/Fire      #####        0%          1    None
b - Throw Flame           Conj/Fire      ######       0%          2    None
c - Conjure Flame         Conj/Fire      ########     0%          3    None
d - Sticky Flame          Conj/Fire      ########     1%          4    None
e - Fireball              Conj/Fire      ########..   1%          5    None
f - Dazzling Spray        Conj/Hex       ######       1%          3    None
g - Force Lance           Conj/Tloc      ######..     1%          4    None
h - Blink                 Tloc           N/A          1%          2    None
i - Ignition              Fire           ########..   1%          8    #####..
j - Iron Shot             Conj/Erth      ######....   1%          6    None
k - Ring of Flames        Chrm/Fire      #######...   11%         7    ###....

Your spell library contained the following spells:

 Spells                   Type           Power        Failure   Level  Hunger
 Magic Dart               Conj           ####         0%          1    None
 Lightning Bolt           Conj/Air       ######....   1%          5    None
 Bolt of Magma            Conj/Fire/Erth #######...   1%          5    None
 Confuse                  Hex            #####...     1%          3    None
 Throw Frost              Conj/Ice       ######       1%          2    None
 Freezing Cloud           Conj/Ice/Air   ######....   3%          6    None
 Mephitic Cloud           Conj/Pois/Air  ######..     1%          3    None
 Venom Bolt               Conj/Pois      ######....   1%          5    None
 Teleport Other           Tloc           #####...     1%          3    None
 Iskenderun's Mystic Bla  Conj           #######.     1%          4    None
 Freeze                   Ice            ####         1%          1    None
 Summon Ice Beast         Ice/Summ       ####....     5%          4    None
 Ozocubu's Armour         Chrm/Ice       #####...     1%          3    None
 Regeneration             Chrm/Necr      #####.....   1%          3    None
 Tukima's Dance           Hex            #####...     1%          3    None
 Statue Form              Tmut/Erth      ####.....    45%         6    None
 Dragon Form              Tmut           ####......   98%         7    ###....
 Throw Icicle             Conj/Ice       ######..     1%          4    None
 Ensorcelled Hibernation  Hex/Ice        #####.       1%          2    None
 Shatter                  Erth           #####.....   100%        9    ######.
 Static Discharge         Conj/Air       ######..     1%          3    None
 Corona                   Hex            #####..      1%          1    None
 Passage of Golubria      Tloc           N/A          2%          4    None
 Orb of Destruction       Conj           #######...   1%          7    ###....
 Tornado                  Air            ####......   100%        9    ######.
 Shroud of Golubria       Chrm/Tloc      #####.....   1%          2    None
 Inner Flame              Hex/Fire       #######.     1%          3    None
 Iskenderun's Battlesphe  Conj/Chrm      ######..     1%          5    None
 Fulminant Prism          Conj/Hex       ######....   1%          4    None
 Infusion                 Chrm           ####         1%          1    None
 Song of Slaying          Chrm           #####...     1%          2    None
 Spectral Weapon          Hex/Chrm       #####...     1%          3    None
 Searing Ray              Conj           ######       0%          2    None
 Spellforged Servitor     Conj/Summ      ######....   6%          7    ###....
 Hydra Form               Tmut           ####......   58%         6    None
 Irradiate                Conj/Tmut      ######....   1%          5    None
 Gell's Gravitas          Tloc           #####.....   1%          3    None
 Lesser Beckoning         Tloc           #####.....   1%          3    None
 Poisonous Vapours        Pois/Air       ####..       1%          2    None


Dungeon Overview and Level Annotations

Branches:
Dungeon (13/15)            Temple (1/1) D:7            Lair (6/6) D:9
 Shoals (0/4) Lair:2       Spider (0/4) Lair:2        Slime (0/5) Lair:5
    Orc (2/2) D:9             Elf (0/3) Orc:2
 Vaults: D:13-14

Altars:
Ashenzari
Cheibriados
Dithmenos
Elyvilon
Fedhas
Gozag
Hepliaklqana
Kikubaaqudgha
Makhleb
Nemelex Xobeh
Okawaru
Qazlal
Ru
Sif Muna
Trog
Uskayaw
Vehumet
Wu Jian
Xom
Yredelemnul
Zin
The Shining One
Beogh
Jiyva

Shops:
D:11 (   Orc:2 %[[:

Annotations:
D:13 Erolcha; Rupert
Lair:6 BattleRest's ghost, journeyman MiBe; PeterLawrence's ghost, journeyman MiFi


Message History

Rupert is engulfed in blazing flames.
Rupert misses you.
Casting: Sticky Flame (safe; 1% risk of failure)
Confirm with . or Enter, or press ? or * to list all spells.
Aiming: Iron Shot (safe; 1% risk of failure)
Press: ? - help, Shift-Dir - straight line, f/p - Rupert
Aim: Rupert, wielding a battleaxe of electrocution and wearing a scale mail (flame, moderately wounded, berserk, fast, unusually strong, covered in liquid flames)
The iron shot misses Rupert.
Rupert burns!
Rupert is engulfed in blazing flames.
Rupert hits you with a battleaxe of electrocution.
Casting: Iron Shot (safe; 1% risk of failure)
Confirm with . or Enter, or press ? or * to list all spells.
Aiming: Iron Shot (safe; 1% risk of failure)
Press: ? - help, Shift-Dir - straight line, f/p - Rupert
Aim: Rupert, wielding a battleaxe of electrocution and wearing a scale mail (flame, moderately wounded, berserk, fast, unusually strong, covered in liquid flames)
The iron shot misses Rupert.
Rupert burns!
Rupert is engulfed in blazing flames.
Rupert hits you with a battleaxe of electrocution!!
* * * LOW HITPOINT WARNING * * *
You are electrocuted!
You die...

## #.....#.####.# ..
#######.##........[##.
..#.
###)..........>.........
.O..
..............#########
#.#.##...#.##.....##
.......... #####.####
#####O##...# #....#
..........############.#
......).....@@.........#
≈.....≈≈≈≈.#####.#####.#
≈≈...≈≈≈≈≈≈.# #.#####.#
≈≈...≈≈≈≈≈≈≈.# #.......#
≈≈...≈≈≈≈≈≈≈.# #######.#
##+++###).#### #.# #)($
#.# #...###########.#
#..........#


You could see Rupert (berserk).

Vanquished Creatures
  An orc warlord (D:9)
  Josephine (D:11)
  The ghost of crawlian the Grappler, a journeyman TrMo of Wu Jian (D:10)
  The ghost of Tovarisch the Thaumaturge, a journeyman DEWz of Vehumet (Lair:5)
  Fannar (D:11)
  Harold (D:10)
  A vault guard (D:13)
  A rakshasa (D:10)
  A centaur warrior (D:13)
  10 hydras
  Erica (D:8)
  3 death yaks (Lair:3)
  5 two-headed ogres
  4 orc high priests (Orc:2)
  Sonja (D:11)
  A sun demon (Lair:6)
  A wizard (Lair:6)
  An unseen horror (D:10)
  5 orc sorcerers
  5 orc knights
  2 cyclopes
  A centaur zombie (D:12)
  20 elephants
  2 manticores
  A smoke demon (Lair:6)
  13 spiny frogs
  A black mamba (Lair:6)
  2 orange demons (Lair:6)
  2 rime drakes (Lair:6)
  4 komodo dragons
  2 ice devils (Lair:6)
  A red devil (Lair:6)
  2 trolls (D:12)
  A polar bear (Lair:6)
  2 dream sheep (D:8)
  3 slime creatures (D:13)
  5 blink frogs
  2 hippogriffs
  50 yaks
  2 wyverns
  3 wraiths (D:11)
  7 basilisks
  9 wargs
  2 hungry ghosts
  8 swamp worms (Lair:1)
  14 porcupines
  15 water moccasins
  4 hell hounds (Lair:6)
  4 sky beasts
  2 phantoms
  35 orc warriors
  An ice beast (D:10)
  5 black bears
  9 ogres
  11 wolves
  13 centaurs
  16 crocodiles
  9 bullfrogs
  6 big kobolds
  2 water moccasin zombies (Ossuary)
  2 scorpions
  9 wights
  4 howler monkeys
  2 electric eels
  A bullfrog zombie (D:7)
  4 crimson imps
  13 orc priests
  14 orc wizards
  Crazy Yiuf (D:2)
  6 hounds
  4 bullfrog skeletons
  A jelly (D:7)
  6 iguanas
  Jessica (D:3)
  2 centaur skeletons
  6 hell rats (Lair:4)
  9 worker ants
  A hound skeleton (D:6)
  2 mummies (Ossuary)
  3 gnolls (Orc:2)
  8 adders
  A shadow imp (D:9)
  2 oozes (D:1)
  7 adder zombies
  4 worms (D:2)
  2 dart slugs
  8 leopard geckos
  69 orcs
  A ball python (D:3)
  6 giant cockroaches
  2 goblins
  11 hobgoblins
  11 jackals
  26 kobolds
  5 quokkas
  5 bats
  7 frilled lizards
  4 hobgoblin zombies (Ossuary)
  A jackal skeleton (D:6)
  6 kobold zombies (Ossuary)
  6 orc zombies (Ossuary)
  A quokka skeleton (D:6)
  10 rats
  5 plants
638 creatures vanquished.

Vanquished Creatures (others)
  2 bushes (Lair:6)
  42 fungi
  14 plants
58 creatures vanquished.

Grand Total: 696 creatures vanquished

Notes
Turn   | Place    | Note
-------+----------+-------------------------------------------
     0 | D:1      | nikopol the Deep Elf Fire Elementalist began the quest for the Orb.
     0 | D:1      | Reached XP level 1. HP: 10/10 MP: 6/6
    84 | D:1      | Reached XP level 2. HP: 5/15 MP: 1/8
   526 | D:1      | Reached XP level 3. HP: 19/19 MP: 5/10
   983 | D:2      | Reached skill level 4 in Spellcasting
  1265 | D:2      | Reached XP level 4. HP: 21/24 MP: 4/12
  1270 | D:2      | Learned a level 2 spell: Throw Flame
  1274 | D:2      | Learned a level 3 spell: Conjure Flame
  1291 | D:2      | Learned a level 4 spell: Sticky Flame
  1692 | D:2      | Found a runed door.
  1696 | D:2      | Noticed Crazy Yiuf
  1706 | D:2      | Killed Crazy Yiuf
  1985 | D:3      | Noticed Jessica
  1987 | D:3      | Killed Jessica
  1987 | D:3      | Reached XP level 5. HP: 28/28 MP: 7/14
  2036 | D:3      | Found a deep blue altar of Sif Muna.
  2114 | D:3      | Reached skill level 5 in Spellcasting
  2341 | D:3      | Found a glowing silver altar of Zin.
  2341 | D:3      | Found a sacrificial altar of Ru.
  2856 | D:4      | Reached skill level 5 in Fire Magic
  2856 | D:4      | Reached XP level 6. HP: 27/32 MP: 2/16
  3003 | D:4      | Learned a level 5 spell: Fireball
  3226 | D:4      | Found a glowing golden altar of the Shining One.
  3484 | D:5      | Entered Level 5 of the Dungeon
  3487 | D:5      | Reached skill level 6 in Spellcasting
  3636 | D:5      | Found a sand-covered staircase.
  3645 | Ossuary  | Entered an ossuary
  4188 | Ossuary  | Reached XP level 7. HP: 36/36 MP: 11/18
  5134 | D:6      | Learned a level 3 spell: Dazzling Spray
  5145 | D:6      | Reached skill level 7 in Spellcasting
  5442 | D:6      | Reached XP level 8. HP: 39/41 MP: 2/21
  5611 | D:6      | Reached skill level 5 in Conjurations
  5837 | D:6      | Reached skill level 8 in Spellcasting
  6012 | D:6      | Found a blossoming altar of Fedhas.
  6016 | D:6      | Found an ancient bone altar of Kikubaaqudgha.
  6478 | D:6      | Reached skill level 1 in Hexes
  6807 | D:7      | Found a staircase to the Ecumenical Temple.
  6819 | Temple   | Entered the Ecumenical Temple
  6862 | Temple   | Became a worshipper of Vehumet
  6924 | D:7      | Reached skill level 9 in Spellcasting
  6924 | D:7      | Reached XP level 9. HP: 45/45 MP: 10/24
  7496 | D:7      | Got a steaming golden amulet
  7632 | D:7      | Reached skill level 10 in Spellcasting
  7858 | D:8      | Noticed a two-headed ogre
  7867 | D:8      | Killed a two-headed ogre
  7867 | D:8      | Reached skill level 1 in Shields
  7885 | D:8      | Reached * piety under Vehumet
  7885 | D:8      | Offered knowledge of Magic Dart by Vehumet.
  8242 | D:8      | Noticed Erica
  8248 | D:8      | Killed Erica
  8248 | D:8      | Reached skill level 11 in Spellcasting
  8248 | D:8      | Reached XP level 10. HP: 50/50 MP: 5/27
  8274 | D:8      | Identified the amulet "Etuablun" {Acrobat Stlth+} (You found it on level 7 of the Dungeon)
  8731 | D:8      | Noticed a two-headed ogre
  8739 | D:8      | Killed a two-headed ogre
  8888 | D:8      | Offered knowledge of Sandblast by Vehumet.
  8993 | D:8      | Reached ** piety under Vehumet
  9257 | D:8      | Found a sparkling altar of Nemelex Xobeh.
  9494 | D:8      | Noticed a three-headed hydra
  9499 | D:8      | Reached skill level 12 in Spellcasting
  9501 | D:8      | Killed a three-headed hydra
  9700 | D:9      | Found a staircase to the Lair.
 10093 | D:9      | Reached XP level 11. HP: 54/54 MP: 19/29
 10179 | D:9      | Reached skill level 10 in Fire Magic
 10366 | D:9      | Offered knowledge of Stone Arrow by Vehumet.
 10368 | D:9      | Noticed a two-headed ogre
 10377 | D:9      | Killed a two-headed ogre
 10456 | D:9      | Reached skill level 10 in Conjurations
 10543 | D:9      | Found a staircase to the Orcish Mines.
 10549 | D:9      | Reached *** piety under Vehumet
 11332 | D:10     | Entered Level 10 of the Dungeon
 11364 | D:10     | Found a shimmering altar of Xom.
 11364 | D:10     | Noticed a rakshasa
 11365 | D:10     | Reached skill level 5 in Stealth
 11367 | D:10     | Noticed crawlian's ghost (journeyman TrMo)
 11368 | D:10     | Killed a rakshasa
 11374 | D:10     | Noticed an unseen horror
 11375 | D:10     | Killed an unseen horror
 11375 | D:10     | Reached skill level 13 in Spellcasting
 11650 | Lair:1   | Entered Level 1 of the Lair of Beasts
 11667 | Lair:1   | Got a smoking rapier
 11668 | Lair:1   | Identified the +3 rapier of the Fool {pierce, Fragile rN+ Dex+3 Stlth+} (You found it on level 1 of the Lair of Beasts)
 12031 | Lair:1   | Got a jewelled dagger
 12032 | Lair:1   | Identified the +10 dagger "Jaqenuuf" {pierce, rElec Dex+3} (You found it on level 1 of the Lair of Beasts)
 12055 | Lair:1   | Learned a level 4 spell: Force Lance
 12140 | Lair:1   | Offered knowledge of Static Discharge by Vehumet.
 12791 | Lair:2   | Found a hole to the Spider Nest.
 13069 | Lair:2   | Reached XP level 12. HP: 53/60 MP: 26/31
 13179 | Lair:2   | Reached skill level 14 in Spellcasting
 13239 | Lair:2   | Reached **** piety under Vehumet
 13273 | Lair:1   | Offered knowledge of Olgreb's Toxic Radiance by Vehumet.
 13547 | Lair:2   | Found a staircase to the Shoals.
 14429 | Lair:3   | Noticed a six-headed hydra
 14433 | Lair:3   | Killed a six-headed hydra
 14433 | Lair:3   | Reached skill level 15 in Spellcasting
 15077 | Lair:3   | Noticed a death yak
 15096 | Lair:3   | Killed a death yak
 15217 | Lair:3   | Noticed a death yak
 15222 | Lair:3   | Killed a death yak
 15232 | Lair:3   | Noticed a death yak
 15236 | Lair:3   | Killed a death yak
 16179 | Lair:4   | Noticed a five-headed hydra
 16205 | Lair:4   | Killed a five-headed hydra
 16210 | Lair:4   | Noticed a seven-headed hydra
 16214 | Lair:4   | Killed a seven-headed hydra
 16916 | Lair:5   | Noticed Tovarisch's ghost (journeyman DEWz)
 16921 | Lair:5   | Killed Tovarisch's ghost
 16921 | Lair:5   | Reached XP level 13. HP: 64/64 MP: 19/34
 17262 | Lair:5   | Reached skill level 16 in Spellcasting
 17471 | Lair:5   | Found a viscous altar of Jiyva.
 17471 | Lair:5   | Found a staircase to the Slime Pits.
 17886 | Lair:5   | Learned a level 2 spell: Blink
 17953 | Lair:6   | Entered Level 6 of the Lair of Beasts
 18322 | Lair:6   | Noticed PeterLawrence's ghost (journeyman MiFi)
 19764 | Lair:6   | Reached skill level 1 in Fighting
 19981 | Lair:6   | Reached skill level 1 in Translocations
 20003 | Lair:6   | Noticed BattleRest's ghost (journeyman MiBe)
 20650 | Lair:6   | Reached skill level 5 in Dodging
 20796 | Lair:6   | Reached skill level 17 in Spellcasting
 22060 | Lair:6   | Found a burning altar of Makhleb.
 23036 | Lair:6   | Reached XP level 14. HP: 70/70 MP: 28/37
 23546 | Orc:1    | Entered Level 1 of the Orcish Mines
 23546 | Orc:1    | Found a roughly hewn altar of Beogh.
 23699 | Orc:1    | Noticed an orc warlord
 23993 | D:8      | Learned a level 7 spell: Ring of Flames
 24422 | Orc:1    | Reached skill level 1 in Charms
 24822 | Orc:1    | Reached ***** piety under Vehumet
 24971 | Orc:2    | Entered Level 2 of the Orcish Mines
 24975 | Orc:2    | Offered knowledge of Airstrike by Vehumet.
 25814 | Orc:2    | Found a staircase to the Elven Halls.
 26130 | Orc:2    | Reached skill level 18 in Spellcasting
 26622 | Orc:2    | Found Erchy's Food Boutique.
 26641 | Orc:2    | Found Waong's Book Boutique.
 26642 | Orc:2    | Found Xomozen's Armour Emporium.
 26642 | Orc:2    | Found Wucs's Armour Emporium.
 26664 | Orc:2    | Bought a book of Power for 675 gold pieces
 26664 | Orc:2    | Bought a book of the Tempests for 1050 gold pieces
 26672 | Orc:2    | Learned a level 6 spell: Iron Shot
 26681 | Orc:2    | Learned a level 8 spell: Ignition
 26891 | D:9      | Killed an orc warlord
 27789 | D:10     | Noticed Harold
 27795 | D:10     | Killed Harold
 27909 | D:10     | Killed crawlian's ghost
 27909 | D:10     | Reached skill level 1 in Earth Magic
 28426 | D:11     | Noticed Sonja
 28428 | D:11     | Killed Sonja
 28553 | D:11     | Found Vubaim's Antique Weapon Boutique.
 28810 | D:11     | Reached skill level 15 in Fire Magic
 29105 | D:11     | Noticed Josephine
 29111 | D:11     | Killed Josephine
 29225 | D:11     | Noticed Fannar
 29228 | D:11     | Killed Fannar
 29493 | D:12     | Offered knowledge of Yara's Violent Unravelling by Vehumet.
 30634 | D:13     | Reached XP level 15. HP: 55/74 MP: 22/39
 30658 | D:13     | Reached skill level 15 in Conjurations
 30685 | D:13     | Noticed Rupert
 30686 | D:13     | Noticed Erolcha
 30701 | D:13     | Slain by Rupert

Vault maps used:
D:1:      shiori_arrival_maze, minmay_surrounded
D:2:      uniq_crazy_yiuf_cottage
D:3:      gammafunk_temple_overflow_wave, tgw_sif
D:4:      nicolae_overflow_hidden_temple, first_ration,
          kennysheep_generic_room_15
D:5:      nicolae_ossuary_entry_plus
D:6:      kennysheep_six_static_rooms, grunt_temple_overflow_growth_and_decay
D:7:      minmay_temple_entry_statues_pillars, kennysheep_generic_room_10
D:8:      nemelex_xobeh_ov_fountains_minmay, grunt_decor_arrowhead,
          hangedman_ranch, serial_bayou_pond_d, uniq_erica
D:9:      minmay_lair_entry_grove, minmay_orc_entry_guard_dogs, serial_bayou,
          serial_bayou_shore_b, serial_bayou_shore_b, serial_bayou_pond_c,
          serial_bayou_pond_c, kennysheep_generic_room_4
D:10:     basic_altar, uniq_harold
D:11:     serial_shops, shop, uniq_sonja, uniq_josephine, uniq_fannar
D:13:     grunt_vaults_entry_fortified, uniq_erolcha, uniq_rupert
Temple:   eino_wide_crystal_templ
Lair:1:   serial_bayou_pond_e, worms_lemuel
Lair:2:   elwin_shoals_entry_rocks, spider_nest_entry_web_field,
          lemuel_fruit_fields
Lair:3:   minivault_26, grunt_megastairs_4
Lair:4:   lemuel_fruit_fields, infiniplex_staircase_pool, grunt_megastairs_3
Lair:5:   slime_altar_1
Lair:6:   evil_forest
Orc:1:    basic_altar
Orc:2:    st_orc_elflike
Ossuary:  ossuary_tomb_2

Skill      XL: |  1  2  3  4  5  6  7  8  9 10 11 12 13 14 15 |
---------------+----------------------------------------------+-----
Spellcasting   | 4 5 6 7 9 11 12 13 15 17 18 | 18.9
Fire Magic     | 4 5 6 7 8 9 11 13 14 15 | 15.3
Conjurations   | 2 3 4 6 8 9 11 12 13 14 15 | 15.0
Stealth        | 3 4 5 |  5.6
Dodging        | 3 4 5 |  5.8
Hexes          | 2 |  2.1
Shields        | 2 4 |  4.5
Fighting       | 1 |  1.1
Translocations | 1 |  1.6
Charms         | 2 |  2.8
Earth Magic    | 1 |  1.8
Unarmed Combat | |  0.1

Action                   |  1- 3 |  4- 6 |  7- 9 | 10-12 | 13-15 || total
-------------------------+-------+-------+-------+-------+-------++-------
Melee: Unarmed           |       |       |     5 |       |       ||     5
       Staff             |       |       |       |     2 |     5 ||     7
 Cast: Flame Tongue      |    70 |   125 |   185 |   314 |   277 ||   971
       Throw Flame       |       |     5 |     3 |    43 |    12 ||    63
       Conjure Flame     |       |     5 |    11 |    14 |    12 ||    42
       Sticky Flame      |       |     4 |    11 |    57 |    66 ||   138
       Fireball          |       |       |    11 |    81 |   243 ||   335
       Dazzling Spray    |       |       |    11 |       |     3 ||    14
       Force Lance       |       |       |       |       |    25 ||    25
       Blink             |       |       |       |       |     5 ||     5
       Iron Shot         |       |       |       |       |    21 ||    21
       Ring of Flames    |       |       |       |       |     9 ||     9
       Ignition          |       |       |       |       |     9 ||     9
  Use: Scroll            |       |     7 |     3 |    11 |     3 ||    24
       Potion            |       |       |       |       |     4 ||     4
 Stab: Invisible         |       |       |     1 |       |       ||     1
  Eat: Chunk             |     1 |     8 |    12 |    24 |    31 ||    76
       Ration            |       |       |     1 |     1 |     5 ||     7
Armor: Robe              |     3 |     7 |    11 |     8 |    36 ||    65
Dodge: Dodged            |    14 |    26 |    36 |    57 |    96 ||   229
Block: Buckler           |       |       |     6 |    26 |    36 ||    68

Table legend:
 A = Spawn XP
 B = Non-spawn XP
 C = Spawn XP percentage of total XP
 D = Spawn monster count
 E = Non-spawn monster count
 F = Spawn count percentage of total count
 G = Total turns spent on level
                    A         B        C        D         E        F      G
               +---------+---------+-------+---------+---------+-------+---------
         Total |       0 |  104616 |   0.0 |       0 |     633 |   0.0 | 30701
               +---------+---------+-------+---------+---------+-------+---------
           D:1 |       0 |      57 |   0.0 |       0 |      26 |   0.0 |   966
           D:2 |       0 |     120 |   0.0 |       0 |      26 |   0.0 |   931
           D:3 |       0 |     112 |   0.0 |       0 |      17 |   0.0 |   737
           D:4 |       0 |     248 |   0.0 |       0 |       7 |   0.0 |   872
           D:5 |       0 |     166 |   0.0 |       0 |       6 |   0.0 |   768
           D:6 |       0 |    1386 |   0.0 |       0 |      30 |   0.0 |  1785
           D:7 |       0 |    1189 |   0.0 |       0 |      26 |   0.0 |  1027
           D:8 |       0 |    6096 |   0.0 |       0 |      46 |   0.0 |  1907
           D:9 |       0 |    6865 |   0.0 |       0 |      45 |   0.0 |  2944
          D:10 |       0 |    6575 |   0.0 |       0 |      38 |   0.0 |  1210
          D:11 |       0 |    4847 |   0.0 |       0 |      15 |   0.0 |  1222
          D:12 |       0 |    7739 |   0.0 |       0 |      37 |   0.0 |   957
          D:13 |       0 |    3239 |   0.0 |       0 |      10 |   0.0 |   250
        Lair:1 |       0 |    4223 |   0.0 |       0 |      22 |   0.0 |  1239
        Lair:2 |       0 |    8343 |   0.0 |       0 |      41 |   0.0 |  1484
        Lair:3 |       0 |    5425 |   0.0 |       0 |      16 |   0.0 |  1551
        Lair:4 |       0 |    4119 |   0.0 |       0 |      22 |   0.0 |  1385
        Lair:5 |       0 |    6016 |   0.0 |       0 |      15 |   0.0 |  2816
        Lair:6 |       0 |   22374 |   0.0 |       0 |      58 |   0.0 |  3383
         Orc:1 |       0 |    4003 |   0.0 |       0 |      43 |   0.0 |  1204
         Orc:2 |       0 |   11225 |   0.0 |       0 |      61 |   0.0 |  1180
       Ossuary |       0 |     249 |   0.0 |       0 |      26 |   0.0 |   819
               +---------+---------+-------+---------+---------+-------+---------
